[Event "Vastgota Open 2023"]
[Site "Skara stadshotell, Jarnvagsgatan 5, Skara, Sweden"]
[Date "2023.02.18"]
[Round "2.12"]
[White "Lindgren, Philip"]
[Black "Cederqvist, Niclas"]
[Result "1-0"]
[TimeControl "15 minutes + 5 seconds per move from move one (Round 1 - 2) / 30 minutes + 10 seconds per move from move one (Round 3 - 9)"]
[WhiteTitle "IM"]
[WhiteFideId "1713230"]
[BlackFideId "1702076"]
[WhiteElo "2282"]
[BlackElo "1938"]

1. d4 d5 2. c4 c6 3. Nf3 Nf6 4. Nc3 e6 5. e3 Nbd7 6. Qc2 a6 7. b3 b5 8. Bd3 Bb7 9. O-O Be7 10.
Bb2 O-O 11. c5 h6 12. a3 Qc7 13. e4 dxe4 14. Nxe4 Nxe4 15. Bxe4 Bf6 16. Rfe1 Kh8 17. Rad1 a5 18. g3 Rfe8 19.
Ne5 Nxe5 20. dxe5 Be7 21. Qc1 Kg8 22. Bb1 Bf8 23. h4 h5 24. Qc3 b4 25. axb4 axb4 26. Qxb4 Ra5 27. Qe4 g6 28. b4 Ra4 29. Rd6 1-0

[Event "Vastgota Open 2023"]
[Site "Skara stadshotell, Jarnvagsgatan 5, Skara, Sweden"]
[Date "2023.02.18"]
[Round "3.1"]
[White "Chatalbashev, Boris"]
[Black "Rasti, Arvin"]
[Result "1/2-1/2"]
[TimeControl "15 minutes + 5 seconds per move from move one (Round 1 - 2) / 30 minutes + 10 seconds per move from move one (Round 3 - 9)"]
[WhiteTitle "GM"]
[WhiteFideId "2900440"]
[BlackFideId "1741160"]
[WhiteElo "2522"]
[BlackElo "2179"]

1. d4 Nf6 2. Nf3 e6 3. c4 d5 4. Nc3 Bb4 5. Qa4+ Nc6 6. e3 O-O 7. Bd2 a6 8. Qc2 dxc4 9. Bxc4 Bd6 10.
O-O e5 11. dxe5 Nxe5 12. Nxe5 Bxe5 13. f4 Bxc3 14. Bxc3 Re8 15. Rae1 Ne4 16. Be5 Nf6 17. Bd3 h6 18. Bxc7 Qe7 19.
e4 Qb4 20. e5 Qd4+ 21. Kh1 Ng4 22. Qe2 Bd7 23. h3 Nf6 24. Qd2 Bf5 25. Rd1 Ne4 26. Bxe4 Qxd2 27. Rxd2 Bxe4 28. Re1 f5 29.
Kh2 Rac8 30. Bd6 Kf7 31. g4 Ke6 32. Kg3 g6 33. Re3 Red8 34. Rb3 b5 35. Ra3 Bb7 36. Rad3 Rc1 37. Bb4 Rxd3+ 38. Rxd3 Bd5 39. gxf5+ gxf5 40. Kh4 Rf1 41. Bd2 Rf3 42. Be3 b4 43. a3 a5 44. a4 Rf1 45. Kh5 Rf3 46. h4 Rh3 47.
b3 Rh2 48. Bb6 Rc2 49. Bxa5 Rf2 50. Bxb4 Rxf4 51. Bd2 Bf3+ 52. Kxh6 Rxh4 53. Kg7 Rg4+ 54. Kf8 Bd5 55. a5 Kxe5 56. Bc3+ Ke6 57. a6 Bxb3 58. Ba5 Ra4 59.
Re3+ Kd7 60. Re5 Kc6 61. a7 Kb7 62. Re7+ Ka8 63. Bb6 Bd5 64. Re5 Be4 65. Re8+ Kb7 66. Rb8+ Ka6 67. Bc5 Rc4 68. Rb6+ Kxa7 69. Be3 Ka8 70. Ke7 1/2-1/2

[Event "Vastgota Open 2023"]
[Site "Skara stadshotell, Jarnvagsgatan 5, Skara, Sweden"]
[Date "2023.02.18"]
[Round "3.2"]
[White "Eklund, Lars-Goran"]
[Black "Miezis, Normunds"]
[Result "1/2-1/2"]
[TimeControl "15 minutes + 5 seconds per move from move one (Round 1 - 2) / 30 minutes + 10 seconds per move from move one (Round 3 - 9)"]
[WhiteTitle "FM"]
[BlackTitle "GM"]
[WhiteFideId "1701010"]
[BlackFideId "11600136"]
[WhiteElo "2196"]
[BlackElo "2502"]

1. Nf3 c5 2. c4 Nc6 3. d4 cxd4 4.
Nxd4 f5 5. g3 g6 6. Nxc6 bxc6 7. Bd2 Bg7 8. Bc3 Nf6 9. Bg2 O-O 10. O-O Qc7 11. Nd2 Rb8 12. Qc2 c5 13. e4 f4 14.
b3 Bb7 15. Qb2 Rbe8 16. e5 Ng4 17. Bxb7 Qxb7 18. h3 Nh6 19. g4 f3 20. e6 Bxc3 21. Qxc3 dxe6 22. Qe3 Nf7 23. Nxf3 Rd8 24.
Rad1 Rd6 25. Ne5 Nxe5 26. Qxe5 Qd7 27. Rde1 Rf3 28. Kg2 Rfd3 29. Re3 Qc6+ 30. Qe4 Qxe4+ 31. Rxe4 Rd2 32. Re5 Rc6 33.
Rfe1 Kf7 34. R1e2 Rdd6 35. Kf1 a5 36. Ke1 Rc7 37. f3 a4 38. h4 Rb6 39. R2e3 Ra6 40. Kf2 axb3 41. axb3 Rd6 42.
Ke2 Ra7 43. Kf2 Rc6 44. h5 Ra2+ 45. Re2 Ra3 46. R2e3 Kf6 47. hxg6 hxg6 48. Kg3 Ra1 49. Kf2 g5 50. Re1 Rxe1 51.
Rxe1 Rb6 52. Re3 Ra6 53. Rd3 Ke5 54. Ke3 Ra3 55. Rc3 Ra1 56. Rd3 Re1+ 57. Kf2 Rc1 58. Re3+ Kf6 59. Rd3 Rb1 60.
Ke3 Rb2 61. Rc3 e5 62. Rd3 e6 63. Ke4 Re2+ 64. Re3 Ra2 65. Rd3 Ra6 66. Ke3 Rb6 67. Rc3 Rd6 68. Rd3 Rd4 69. Rd2 Ke7 70. Ra2 Rd7 71. Ra5 Rc7 72.
Ke4 Kf6 73. Rb5 Rc8 74. Ke3 Rc7 75. Ke4 Rc8 76. Ke3 Rc6 77. Ke4 Rc7 1/2-1/2

[Event "Vastgota Open 2023"]
[Site "Skara stadshotell, Jarnvagsgatan 5, Skara, Sweden"]
[Date "2023.02.18"]
[Round "3.3"]
[White "Ronneland, Daniel"]
[Black "Seo, Jung Min"]
[Result "0-1"]
[TimeControl "15 minutes + 5 seconds per move from move one (Round 1 - 2) / 30 minutes + 10 seconds per move from move one (Round 3 - 9)"]
[BlackTitle "IM"]
[WhiteFideId "1702130"]
[BlackFideId "1734687"]
[WhiteElo "2188"]
[BlackElo "2448"]

1. e4 c5 2. Nf3 e6 3. d4 cxd4 4. Nxd4 Nc6 5. Nc3 Qc7 6. Be3 a6 7. Qd2 Nf6 8. f3 h5 9. O-O-O b5 10.
Nb3 Ne5 11. Bf4 Rb8 12. Kb1 d6 13. Bxe5 dxe5 14. a4 bxa4 15. Nxa4 Bb4 16. Qe3 O-O 17. Nac5 Qb6 18. Rd3 a5 19.
Be2 Bb7 20. Nxb7 Qxb7 21. Qc1 Rfc8 22. c3 a4 23. Na1 Ba3 24.
Rd2 Bc5 25. Qc2 Bd4 26. Rd3 a3 27. b3 a2+ 28. Qxa2 Rxc3 29. Rxc3 Bxc3 30. Bc4 Ra8 0-1

[Event "Vastgota Open 2023"]
[Site "Skara stadshotell, Jarnvagsgatan 5, Skara, Sweden"]
[Date "2023.02.18"]
[Round "3.4"]
[White "Olsson, Simon"]
[Black "Galperin, Platon"]
[Result "0-1"]
[TimeControl "15 minutes + 5 seconds per move from move one (Round 1 - 2) / 30 minutes + 10 seconds per move from move one (Round 3 - 9)"]
[BlackTitle "GM"]
[WhiteFideId "1707345"]
[BlackFideId "14165414"]
[WhiteElo "2125"]
[BlackElo "2429"]

1. d4 Nf6 2. Bg5 d5 3. Bxf6 gxf6 4.
e3 c5 5.
dxc5 Nc6 6. c4 d4 7. exd4 Qxd4 8. Nc3 Qxc5 9. Qd5 Qb4 10. O-O-O Bg4 11. Be2 Bh6+ 12. Kb1 Rd8 13. Qb5 Qxb5 14.
cxb5 Bf5+ 15. Ka1 Nd4 16. a4 Bc2 17. Rf1 Rg8 18. g3 Bd2 19. f4 Bxc3 20. bxc3 Be4 21. cxd4 Bxh1 22. Rd1 Bd5 23.
Kb2 Kd7 24. Nf3 Rc8 25. Nd2 Rc7 26. Bd3 Rgc8 27. Nb1 e6 28. Re1 Kd6 29. Rd1 h5 30. Re1 f5 31. Rd1 h4 32. Rg1 hxg3 33.
hxg3 Rh8 0-1

[Event "Vastgota Open 2023"]
[Site "Skara stadshotell, Jarnvagsgatan 5, Skara, Sweden"]
[Date "2023.02.18"]
[Round "3.5"]
[White "Golubka, Petro"]
[Black "Bjorklund, Thomas"]
[Result "1-0"]
[TimeControl "15 minutes + 5 seconds per move from move one (Round 1 - 2) / 30 minutes + 10 seconds per move from move one (Round 3 - 9)"]
[WhiteTitle "GM"]
[WhiteFideId "14114224"]
[BlackFideId "1724576"]
[WhiteElo "2407"]
[BlackElo "2108"]

1. e4 c5 2. b3 Nc6 3. Bb2 d6 4. Bb5 Bd7 5. f4 Nf6 6. Qe2 e6 7. Nf3 Be7 8. Bxc6 Bxc6 9. Nc3 a6 10.
d4 cxd4 11. Nxd4 Qb6 12. O-O-O O-O-O 13. g4 Rhe8 14. g5 Nd7 15. h4 Nc5 16. Rhe1 Kb8 17. Qh5 g6 18. Qxh7 Rf8 19. f5 1-0

[Event "Vastgota Open 2023"]
[Site "Skara stadshotell, Jarnvagsgatan 5, Skara, Sweden"]
[Date "2023.02.18"]
[Round "3.6"]
[White "Madebrink, Lars"]
[Black "Kucuksari, Kaan"]
[Result "0-1"]
[TimeControl "15 minutes + 5 seconds per move from move one (Round 1 - 2) / 30 minutes + 10 seconds per move from move one (Round 3 - 9)"]
[BlackTitle "IM"]
[WhiteFideId "1701347"]
[BlackFideId "6380166"]
[WhiteElo "2112"]
[BlackElo "2380"]

1. e4 Nf6 2. e5 Nd5 3. d4 d6 4.
Nf3 dxe5 5. Nxe5 c6 6. Bd3 Nd7 7. O-O Nxe5 8. dxe5 g6 9. a3 Bg7 10. c4 Nb6 11. Qe2 Qd4 12. Nc3 Bg4 13.
Qe3 O-O-O 14. c5 Qxe3 15. Bxe3 Rxd3 16. cxb6 axb6 17. Bxb6 Bxe5 18. Rfe1 f6 19. h3 Bf5 20. g4 Bd7 21.
Re4 c5 22. Bxc5 Bc6 23. Re3 Rxe3 24. Bxe3 g5 25. Kf1 h5 26. Ke2 Bg2 27. Rc1 Bxh3 28. gxh5 Rxh5 29. Bb6 Bg4+ 30. Kd3 Kd7 31.
Kc2 f5 32. Re1 Bg7 33. Nd5 e6 34. Ne3 Bf3 35. Nc4 Be4+ 36. Kb3 Bd5 37. Kb4 Rh4 38. Rc1 Kc6 39. Bd8 b5 0-1

[Event "Vastgota Open 2023"]
[Site "Skara stadshotell, Jarnvagsgatan 5, Skara, Sweden"]
[Date "2023.02.18"]
[Round "3.7"]
[White "Kockum, Anton Frisk"]
[Black "Evertsson, Lennart"]
[Result "1-0"]
[TimeControl "15 minutes + 5 seconds per move from move one (Round 1 - 2) / 30 minutes + 10 seconds per move from move one (Round 3 - 9)"]
[WhiteTitle "FM"]
[WhiteFideId "1709143"]
[BlackFideId "1705156"]
[WhiteElo "2367"]
[BlackElo "2095"]

1. d4 Nf6 2. c4 c5 3. d5 e6 4. Nf3 b5 5. Bg5 h6 6. Bxf6 Qxf6 7. Nc3 b4 8. Na4 Bb7 9. e4 d6 10.
Be2 Nd7 11. a3 a5 12. O-O Be7 13. Ne1 O-O 14. f4 Rfe8 15. g3 Bf8 16. Bg4 Rad8 17. Nf3 exd5 18. exd5 Re4 19. Qd3 Qe7 20.
Rfe1 Rxe1+ 21. Rxe1 Qf6 22. axb4 axb4 23. b3 Bc8 24. Kg2 g6 25. h4 Bg7 26. h5 Rf8 27. hxg6 fxg6 28. Re6 Qd8 29.
Rxd6 g5 30. Bxd7 Bxd7 31. Nxc5 Qc7 32. Rxd7 Qxc5 33. Qg6 1-0

[Event "Vastgota Open 2023"]
[Site "Skara stadshotell, Jarnvagsgatan 5, Skara, Sweden"]
[Date "2023.02.18"]
[Round "3.8"]
[White "Bengtsson, Jessica"]
[Black "Lindgren, Philip"]
[Result "0-1"]
[TimeControl "15 minutes + 5 seconds per move from move one (Round 1 - 2) / 30 minutes + 10 seconds per move from move one (Round 3 - 9)"]
[WhiteTitle "WFM"]
[BlackTitle "IM"]
[WhiteFideId "1711083"]
[BlackFideId "1713230"]
[WhiteElo "2016"]
[BlackElo "2282"]

1. e4 c6 2. d4 d5 3. Nc3 dxe4 4. Nxe4 Nf6 5. Nxf6+ exf6 6. c3 Bd6 7. Bd3 O-O 8. Ne2 Re8 9.
O-O Nd7 10. Qc2 Nf8 11. Be3 Qc7 12. g3 Bg4 13. Bf5 Bf3 14. Bh3 Be4 15. Qd2 Ng6 16. Bg2 f5 17. c4 Bxg2 18. Kxg2 Rad8 19.
Rad1 c5 20. d5 Re4 21. Qc2 Rde8 22. Nc3 R4e5 23. Bf4 Nxf4+ 24. gxf4 R5e7 25. Qxf5 Bxf4 26. Nb5 Qe5 27. Qxe5 Bxe5 28.
Nxa7 Bxb2 29. Nb5 g6 30. Rd2 Bf6 31. Rfd1 Rd7 32. Rd3 Re4 33. Rc1 Kg7 34. Kf3 Re5 35. Rdd1 h5 36. Re1 Rf5+ 37.
Kg2 Rf4 38. Rc2 g5 39. Ree2 g4 40. Re8 Rf3 41. Rc8 Bd4 42. Nxd4 cxd4 43. Rd2 d3 44. Re8 b5 45. cxb5 Rxd5 46. a4 Rf4 47. b6 Rb4 48.
Rb8 Rxa4 49. Rc8 Rb4 50. Rc6 Rb3 51. Kf1 Rb1+ 52. Kg2 Rb3 53. Kg3 f6 54. Kf4 Kg6 55. Re6 Rdb5 56. Re3 Rf5+ 57. Kg3 Rxb6 58. Rexd3 Rb1 59.
Rd1 Rb4 60. R1d2 Rbf4 61. Kg2 Kg5 62. Rd4 Rf3 63. R4d3 Kh4 64. Rd4 Kg5 65. R4d3 h4 66. Rd8 h3+ 67. Kf1 Ra5 68. Rd1 Rfa3 69.
R8d5+ Rxd5 70. Rxd5+ f5 71. Rd1 Kf4 72. Rb1 Kf3 73. Kg1 Rd3 74. Ra1 Ke2 75. Ra2+ Rd2 76. Rxd2+ Kxd2 77. f3 Ke2 78. fxg4 f4 79. g5 f3 0-1

[Event "Vastgota Open 2023"]
[Site "Skara stadshotell, Jarnvagsgatan 5, Skara, Sweden"]
[Date "2023.02.18"]
[Round "3.9"]
[White "Palchuk, Andrii"]
[Black "Svensson, Leif"]
[Result "1-0"]
[TimeControl "15 minutes + 5 seconds per move from move one (Round 1 - 2) / 30 minutes + 10 seconds per move from move one (Round 3 - 9)"]
[WhiteTitle "FM"]
[WhiteFideId "14176688"]
[BlackFideId "1702459"]
[WhiteElo "2238"]
[BlackElo "1935"]

1. d4 d5 2. c4 Bf5 3. cxd5 Bxb1 4. Qa4+ c6 5. dxc6 Nxc6 6. Rxb1 e5 7. Bd2 exd4 8. g3 Qd5 9. Nf3 d3 10.
Bg2 dxe2 11. Nh4 Qe6 12. Qe4 O-O-O 13. Qxe6+ fxe6 14. Bxc6 bxc6 15. Kxe2 Nf6 16. Nf3 Rd5 17. Rhc1 Kb7 18.
Rc4 Be7 19. Rbc1 Rc8 20. Ra4 Bc5 21. Rac4 Bb6 22. b4 e5 23. Be3 h6 24. a4 g5 25. R1c2 g4 26. Nd2 h5 27. Nb3 Ne8 28. b5 Bxe3 29.
fxe3 Nd6 30. Rxc6 Rf8 31. Nc5+ Ka8 32. Ne6 1-0

[Event "Vastgota Open 2023"]
[Site "Skara stadshotell, Jarnvagsgatan 5, Skara, Sweden"]
[Date "2023.02.18"]
[Round "3.10"]
[White "Trost, Martin"]
[Black "Trost, Edvin"]
[Result "0-1"]
[TimeControl "15 minutes + 5 seconds per move from move one (Round 1 - 2) / 30 minutes + 10 seconds per move from move one (Round 3 - 9)"]
[BlackTitle "FM"]
[WhiteFideId "1710737"]
[BlackFideId "1729519"]
[WhiteElo "1867"]
[BlackElo "2226"]

1. Nf3 Nf6 2. e3 g6 3. c4 Bg7 4. Nc3 O-O 5. b3 d6 6. Bb2 e5 7. Be2 Re8 8. d4 e4 9. Nd2 c5 10. d5 h5 11. Qc2 Bf5 12.
O-O-O Na6 13. a3 Nc7 14. Nf1 h4 15. h3 g5 16. g3 Kh7 17. f4 Bh6 18. g4 gxf4 19. gxf5 f3 20. Nxe4 Nxe4 21.
Bxf3 Ng3 22. f6+ Kh8 23. Nxg3 Rxe3 24. Nf5 Rc3+ 25. Nxh6 Rxc2+ 26. Kxc2 Qf8 27. Nf5 Qg8 28. Rhg1 Qh7 29. Be4 Re8 30. Bd3 Re2+ 31.
Bxe2 Qxf5+ 32. Bd3 Qf2+ 33. Kc1 b5 0-1

[Event "Vastgota Open 2023"]
[Site "Skara stadshotell, Jarnvagsgatan 5, Skara, Sweden"]
[Date "2023.02.18"]
[Round "3.11"]
[White "Bjorkman, Filip"]
[Black "Bellon Lopez, Juan Manuel"]
[Result "0-1"]
[TimeControl "15 minutes + 5 seconds per move from move one (Round 1 - 2) / 30 minutes + 10 seconds per move from move one (Round 3 - 9)"]
[BlackTitle "GM"]
[WhiteFideId "1734970"]
[BlackFideId "2200031"]
[WhiteElo "1957"]
[BlackElo "2318"]

1. e4 c5 2. Nf3 e6 3. d4 cxd4 4.
Nxd4 a6 5. c4 Nf6 6. Nc3 d6 7. Be3 Nbd7 8. Be2 Qc7 9. Rc1 b6 10. O-O Bb7 11. f3 Be7 12. Qd2 O-O 13. Rc2 Rac8 14.
Rfc1 Qb8 15. b4 Rfe8 16. Nb3 Bd8 17. a4 Bc7 18. Kh1 d5 19. exd5 Bxh2 20. dxe6 Rxe6 21. Nd4 Rxe3 22. Qxe3 Bf4 23.
Qf2 Bg3 24. Qe3 Re8 25. Qg5 h6 26. Qf5 Re5 27. Qd3 Rh5+ 28. Kg1 Qf4 0-1

[Event "Vastgota Open 2023"]
[Site "Skara stadshotell, Jarnvagsgatan 5, Skara, Sweden"]
[Date "2023.02.18"]
[Round "3.12"]
[White "Ernst, Thomas"]
[Black "Muntean, Felix"]
[Result "1-0"]
[TimeControl "15 minutes + 5 seconds per move from move one (Round 1 - 2) / 30 minutes + 10 seconds per move from move one (Round 3 - 9)"]
[WhiteTitle "GM"]
[WhiteFideId "1700065"]
[BlackFideId "1054465"]
[WhiteElo "2315"]
[BlackElo "1441"]

1. e4 e5 2. Nf3 Nc6 3. Bc4 Nf6 4. Ng5 d5 5. exd5 Na5 6.
Bb5+ Bd7 7. Qe2 Bd6 8. Nc3 O-O 9. Bd3 h6 10. Nge4 Nxe4 11. Nxe4 Be7 12. a3 b6 13. b4 Nb7 14.
Bb2 f5 15. Ng3 e4 16. Ba6 Nd6 17. O-O Bf6 18. Bxf6 Qxf6 19. c4 Rae8 20. c5 bxc5 21. bxc5 Nf7 22. c6 Bc8 23. Bxc8 Rxc8 24.
d3 Nd6 25. dxe4 fxe4 26. Nxe4 Qe5 27. f3 Qxd5 28. Rfd1 Qxc6 29. Nxd6 Qb6+ 30. Kh1 cxd6 31. Qe6+ Kh8 32. Qxd6 Qf2 33.
Rd2 Qe3 34. h3 Rf6 35. Qd4 Qe7 36. a4 Rfc6 37.
a5 Rc4 38. Qd3 Qe5 39. Rdd1 Rc3 40. Qd4 Qe7 41. Re1 Qf7 42. Re3 Rc2 43. Qd3 Rc1+ 44. Re1 R1c3 45. Qe4 Qb3 46. Rad1 R3c4 47.
Qg6 Qb5 48. Re7 Qb2 49. Rxa7 Rc1 50. Rad7 Rxd1+ 51. Rxd1 Qb3 52. Re1 Qb5 53. a6 Ra8 54. h4 Kg8 55. Re7 Qc5 1-0

[Event "Vastgota Open 2023"]
[Site "Skara stadshotell, Jarnvagsgatan 5, Skara, Sweden"]
[Date "2023.02.18"]
[Round "4.1"]
[White "Seo, Jung Min"]
[Black "Kockum, Anton Frisk"]
[Result "1-0"]
[TimeControl "15 minutes + 5 seconds per move from move one (Round 1 - 2) / 30 minutes + 10 seconds per move from move one (Round 3 - 9)"]
[WhiteTitle "IM"]
[BlackTitle "FM"]
[WhiteFideId "1734687"]
[BlackFideId "1709143"]
[WhiteElo "2448"]
[BlackElo "2367"]

1. d4 f5 2. g3 Nf6 3. Bg2 g6 4. Nf3 Bg7 5. O-O O-O 6. c4 d6 7. Nc3 Nc6 8. d5 Ne5 9. Qb3 Nfd7 10. Nxe5 Nxe5 11. h3 a5 12.
f4 Nd7 13. Be3 Nc5 14. Qc2 e5 15. dxe6 Nxe6 16. Rad1 Qe7 17. Nd5 Qf7 18. Bf2 Bd7 19. b3 Bc6 20. e4 fxe4 21. Bxe4 Rae8 22.
Rfe1 Kh8 23. Qd2 Nc5 24. Bg2 b6 25. Bd4 Rxe1+ 26. Rxe1 Re8 27. Bxg7+ Qxg7 28. Rxe8+ Bxe8 29. Qe3 Bc6 30.
Nc3 Bxg2 31. Kxg2 h5 32.
Kf3 Kh7 33. Nd5 Qf7 34. g4 Ne6 35. Kg3 c6 36. Nc3 Nc5 37. Kf3 Qf6 38. gxh5 gxh5 39. Ne4 Qf5 40. Ng5+ Kh6 41. Qd4 Qd3+ 42. Qxd3 Nxd3 43. Nf7+ Kg6 44. Nxd6 Nc1 45. f5+ Kf6 46. Kf4 Nd3+ 47. Ke3 Nc1 48.
Ke4 Nxa2 49. Kf4 Nc3 50.
Ne8+ Ke7 51. Ng7 b5 52. cxb5 cxb5 53. Ke3 a4 54. bxa4 bxa4 55. Kd3 a3 56. Kxc3 1-0

[Event "Vastgota Open 2023"]
[Site "Skara stadshotell, Jarnvagsgatan 5, Skara, Sweden"]
[Date "2023.02.18"]
[Round "4.2"]
[White "Galperin, Platon"]
[Black "Lindgren, Philip"]
[Result "1-0"]
[TimeControl "15 minutes + 5 seconds per move from move one (Round 1 - 2) / 30 minutes + 10 seconds per move from move one (Round 3 - 9)"]
[WhiteTitle "GM"]
[BlackTitle "IM"]
[WhiteFideId "14165414"]
[BlackFideId "1713230"]
[WhiteElo "2429"]
[BlackElo "2282"]

1. Nf3 d5 2. g3 c6 3. Bg2 Bg4 4. h3 Bh5 5. c4 e6 6. d4 Nd7 7. O-O Ngf6 8. cxd5 cxd5 9. Nc3 Be7 10.
Qb3 Qb6 11. Qxb6 Nxb6 12. g4 Bg6 13. Ne5 Nfd7 14. Nxg6 hxg6 15. Bf4 O-O 16. e4 Nf6 17. Bg5 dxe4 18. Nxe4 Nbd5 19. Nc5 b6 20. Nd3 Rac8 21. Rac1 Nd7 22.
Bd2 Bf6 23. Bxd5 exd5 24. Be3 b5 25. Nb4 Nb6 26. g5 Be7 27. Nc6 Rfe8 28. Nxa7 Ra8 29. Nxb5 Rxa2 30. Rc6 Nc4 31. Bc1 Rd8 1-0

[Event "Vastgota Open 2023"]
[Site "Skara stadshotell, Jarnvagsgatan 5, Skara, Sweden"]
[Date "2023.02.18"]
[Round "4.3"]
[White "Trost, Edvin"]
[Black "Golubka, Petro"]
[Result "0-1"]
[TimeControl "15 minutes + 5 seconds per move from move one (Round 1 - 2) / 30 minutes + 10 seconds per move from move one (Round 3 - 9)"]
[WhiteTitle "FM"]
[BlackTitle "GM"]
[WhiteFideId "1729519"]
[BlackFideId "14114224"]
[WhiteElo "2226"]
[BlackElo "2407"]

1. Nf3 e6 2. g3 g5 3. d4 h6 4. Bg2 Bg7 5. e4 Ne7 6. Nc3 d5 7. O-O Nbc6 8. e5 Nf5 9. g4 Nfe7 10.
h4 gxh4 11. Nxh4 Nxd4 12. Qxd4 Nc6 13. Qc5 Qxh4 14. Nb5 Bxe5 15. f4 a6 16. fxe5 axb5 17. Bd2 Ra4 18. b4 Bd7 19. Rf4 b6 20. Qxb5 Nxb4 21. Qf1 Nxc2 22. Rc1 Rxa2 23. Rxf7 c6 24.
Rf4 Qg3 25. Rf7 Ne3 26. Bxe3 Rxg2+ 27. Qxg2 Qxe3+ 28. Qf2 Qxc1+ 29. Kh2 Qg5 30. Rf6 Qxe5+ 31. Kh3 h5 32. g5 Qxg5 33. Rf7 h4 34. Kh2 Qg3+ 35. Kh1 Qh3+ 36. Kg1 Rg8+ 0-1

[Event "Vastgota Open 2023"]
[Site "Skara stadshotell, Jarnvagsgatan 5, Skara, Sweden"]
[Date "2023.02.18"]
[Round "4.4"]
[White "Kucuksari, Kaan"]
[Black "Palchuk, Andrii"]
[Result "0-1"]
[TimeControl "15 minutes + 5 seconds per move from move one (Round 1 - 2) / 30 minutes + 10 seconds per move from move one (Round 3 - 9)"]
[WhiteTitle "IM"]
[BlackTitle "FM"]
[WhiteFideId "6380166"]
[BlackFideId "14176688"]
[WhiteElo "2380"]
[BlackElo "2238"]

1. d4 Nf6 2. Bg5 e6 3. e4 h6 4. Bxf6 Qxf6 5. c3 d6 6. Bd3 g6 7. Ne2 Bg7 8. O-O O-O 9. f4 Qe7 10.
Nd2 e5 11. Nc4 Nc6 12. d5 Nb8 13. fxe5 Bxe5 14. Nxe5 Qxe5 15. Qd2 Kg7 16. Nd4 Qe7 17. e5 dxe5 18. Rae1 Nd7 19. Bxg6 Qg5 20.
Re3 Nb6 21. Bc2 Nc4 22. Qd1 Nxe3 0-1

[Event "Vastgota Open 2023"]
[Site "Skara stadshotell, Jarnvagsgatan 5, Skara, Sweden"]
[Date "2023.02.18"]
[Round "4.5"]
[White "Andersson, Fredrik"]
[Black "Chatalbashev, Boris"]
[Result "0-1"]
[TimeControl "15 minutes + 5 seconds per move from move one (Round 1 - 2) / 30 minutes + 10 seconds per move from move one (Round 3 - 9)"]
[WhiteTitle "FM"]
[BlackTitle "GM"]
[WhiteFideId "1706187"]
[BlackFideId "2900440"]
[WhiteElo "2194"]
[BlackElo "2522"]

1. e4 g6 2. d4 Bg7 3. Nc3 d6 4. Nf3 Nf6 5. Be2 O-O 6. O-O c6 7. a4 Nbd7 8. h3 e5 9. dxe5 dxe5 10.
Be3 Qe7 11. Qd3 Nc5 12. Qc4 b6 13. a5 Be6 14. Qb4 Nfd7 15. Ng5 b5 16. Nxe6 fxe6 17. Rfd1 Rf7 18. Rd2 Bf8 19. a6 Qd8 20.
Bg4 h5 21. Be2 Qb6 22. Bf3 Nxa6 23. Bxb6 Nxb4 24. Ba5 Bc5 25. Ne2 Na6 26. Bc3 Nb4 27. Rad1 Nb6 28. b3 a5 29. Bxe5 a4 30.
c3 Na6 31. Nd4 axb3 32. Nxb3 Nc4 33. Rd8+ Rxd8 34. Rxd8+ Rf8 35. Rxf8+ Bxf8 36. Bf6 e5 37. Be2 Kf7 38. Bd8 Nd6 39.
f3 Be7 40. Bb6 Ke6 41. Na5 c5 42. Kf2 Kd7 43. g3 h4 44. Nb3 Kc6 45. Ba5 Nb7 46. c4 b4 47. f4 Nb8 48. fxe5 Nd7 49.
gxh4 Bxh4+ 50. Kf3 Nxe5+ 51. Kf4 Bf6 52. Bf1 Nd6 53. Nd2 g5+ 54. Kg3 Kb7 55. Nb3 Nxe4+ 56. Kh2 Nf3+ 57. Kh1 Kc6 58. Be2 Ng3+ 59. Kg2 Nxe2 60.
Kxf3 Nc3 61. Kg4 Na4 62. Kf5 Be7 63. Ke6 Bd6 64. Bd8 Bf4 65. Kf5 Nb2 66. Bxg5 Bxg5 67. Kxg5 Nxc4 68. h4 Nd6 69.
h5 c4 70. Nd4+ Kd5 71. Kf6 Ne4+ 72. Kg6 b3 73. Nxb3 cxb3 74. h6 b2 75. h7 b1=Q 76. h8=Q Nd6+ 0-1

[Event "Vastgota Open 2023"]
[Site "Skara stadshotell, Jarnvagsgatan 5, Skara, Sweden"]
[Date "2023.02.18"]
[Round "4.6"]
[White "Miezis, Normunds"]
[Black "Bernhard, Jonathan"]
[Result "1-0"]
[TimeControl "15 minutes + 5 seconds per move from move one (Round 1 - 2) / 30 minutes + 10 seconds per move from move one (Round 3 - 9)"]
[WhiteTitle "GM"]
[WhiteFideId "11600136"]
[BlackFideId "1720236"]
[WhiteElo "2502"]
[BlackElo "1920"]

1. c4 e5 2. Nc3 Nf6 3. g3 c6 4. Nf3 e4 5. Nd4 Qb6 6. e3 d5 7. Bg2 Bb4 8. cxd5 Bxc3 9. bxc3 cxd5 10.
Ba3 Qa6 11. Qb3 Nc6 12. Bf1 Qb6 13. Nb5 Be6 14. Nd6+ Kd7 15. Nxb7 Ne5 16. Nc5+ Kc7 17. h3 Nf3+ 18. Kd1 Nd7 19.
Nxe6+ fxe6 20. Be2 Nde5 21. Kc2 Rhc8 22. Rhb1 Kd8 23. Qa4 Qc7 24. Qb4 Qf7 25. Qd6+ Nd7 26. Rb7 Nfe5 27. Rab1 a6 28.
R1b6 1-0

[Event "Vastgota Open 2023"]
[Site "Skara stadshotell, Jarnvagsgatan 5, Skara, Sweden"]
[Date "2023.02.18"]
[Round "4.7"]
[White "Bellon Lopez, Juan Manuel"]
[Black "Eklund, Lars-Goran"]
[Result "1-0"]
[TimeControl "15 minutes + 5 seconds per move from move one (Round 1 - 2) / 30 minutes + 10 seconds per move from move one (Round 3 - 9)"]
[WhiteTitle "GM"]
[BlackTitle "FM"]
[WhiteFideId "2200031"]
[BlackFideId "1701010"]
[WhiteElo "2318"]
[BlackElo "2196"]

1. d4 d5 2. Bf4 e6 3. e3 Nf6 4.
Nf3 c5 5. c3 Nc6 6. Nbd2 Bd6 7. Bg3 cxd4 8. exd4 Ne4 9. Nxe4 dxe4 10. Ne5 O-O 11. Nxc6 bxc6 12. Qa4 Bb7 13. Ba6 Bxa6 14.
Qxa6 Qc7 15. O-O Bxg3 16. hxg3 Rab8 17. b4 Rb5 18. a4 Rg5 19. Rae1 f5 20. Re3 Rf6 21. f4 Rg4 22. b5 cxb5 23.
Qxb5 g5 24. Qe5 Qg7 25. d5 gxf4 26. Rxf4 Rxf4 27. gxf4 exd5 28. Qxd5+ 1-0

[Event "Vastgota Open 2023"]
[Site "Skara stadshotell, Jarnvagsgatan 5, Skara, Sweden"]
[Date "2023.02.18"]
[Round "4.8"]
[White "Rasti, Arvin"]
[Black "Ernst, Thomas"]
[Result "1-0"]
[TimeControl "15 minutes + 5 seconds per move from move one (Round 1 - 2) / 30 minutes + 10 seconds per move from move one (Round 3 - 9)"]
[BlackTitle "GM"]
[WhiteFideId "1741160"]
[BlackFideId "1700065"]
[WhiteElo "2179"]
[BlackElo "2315"]

1. d4 Nf6 2. Nf3 g6 3. c4 Bg7 4. g3 c6 5. Bg2 d5 6. cxd5 cxd5 7. O-O O-O 8. Nc3 Ne4 9. Nxe4 dxe4 10.
Ne5 Nd7 11. Nxd7 Qxd7 12. Bxe4 Qxd4 13. Qxd4 Bxd4 14. Rd1 Bg7 15. Rb1 Rb8 16. b3 b6 17. Ba3 Bb7 18. Bf3 Bxf3 19. exf3 Rb7 20.
Rbc1 Bf6 21. Rc6 Re8 22. Rdc1 Rd7 23. Re1 Kg7 24. Re2 Red8 25. Bb4 Rd1+ 26. Kg2 R8d7 27. f4 h6 28. Rec2 Ra1 29.
Rc8 Rad1 30. h4 a5 31. Ba3 R1d2 32. Bc1 Rxc2 33. Rxc2 a4 34. bxa4 Rd4 35. Be3 Rxa4 36. Bxb6 e5 37.
fxe5 Bxe5 38. Be3 h5 39. Kf3 Bd4 40. Bxd4+ Rxd4 41. Ke3 Ra4 42. Kd3 Kf6 43. Kc3 Kf5 44. Kb3 Ra8 45. Rc4 f6 46.
a4 g5 47. Kb4 Rb8+ 48. Ka3 Rd8 49. a5 Rd1 50. Kb4 Rb1+ 51. Kc5 Ra1 52. Kb5 Rf1 53. a6 Rxf2 54. a7 Rb2+ 55. Rb4 Ra2 56.
Ra4 Rb2+ 57. Ka6 1-0